 Dungeon Crawl Stone Soup version 0.31.0-12-g77e489cdc1 (webtiles) character file.

Game seed: 4808793602238171511

521 Doomgape the Trooper (level 7, -4/45 HPs)
             Began as a Gargoyle Fighter on Feb 23, 2024.
             Slain by an orc priest
             ... wielding a +2 heavy flail
              (7 damage)
             ... on level 4 of the Dungeon.
             The game lasted 00:06:01 (1638 turns).

Doomgape the Trooper (Gargoyle Fighter)             Turns: 1638, Time: 00:06:02

Health: -4/45      AC: 14    Str: 22    XL:     7   Next: 21%
Magic:  7/7        EV:  8    Int:  8    God:
Gold:   164        SH:  4    Dex:  9    Spells: 6/6 levels left

rFire   . . .        a - +0 flail
rCold   . . .        c - +0 buckler
rNeg    + . .        m - +0 chain mail
rPois   ∞            (no helmet)
rElec   +            (no cloak)
rCorr   .            (no gloves)
SInv    .            (no boots)
Will    .....        (no amulet) Stlth
                     (no ring)
HPRegen 0.27/turn    (no ring)
MPRegen 0.10/turn

%: no passive effects
@: mighty, studying Throwing
A: sickness immunity, AC +4, negative energy resistance 1, electricity
resistance, torment resistance 1, petrification resistance
a: no special abilities


You were on level 4 of the Dungeon.
You visited 1 branch of the dungeon, and saw 3 of its levels.

You collected 164 gold pieces.

Inventory:

Hand Weapons
 a - a +0 flail (weapon)
Armour
 c - a +0 buckler (worn)
 m - a +0 chain mail (worn)
Scrolls
 f - a scroll of revelation {unknown}
 g - a scroll of brand weapon
 h - a scroll of identify
 i - a scroll of poison {unknown}
 k - a scroll of enchant weapon {unknown}
Potions
 j - a potion of resistance {unknown}
 l - 2 potions of ambrosia {unknown}


   Skills:
 + Level 5.7 Fighting
 + Level 4.6 Maces & Flails
 + Level 5.7 Armour
 - Level 3.2 Shields


You had 6 spell levels left.
You didn't know any spells.
Your spell library contained the following spells:

 Spells                   Type           Power      Damage    Failure   Level
 Inner Flame              Hex/Fire       0%         N/A       100%        3
 Flame Wave               Conj/Fire      0%         2d4       100%        4
 Sticky Flame             Fire/Alch      0%         2d4       100%        4


Dungeon Overview and Level Annotations

Branches:
Dungeon (2/15)             Temple (0/1) D:4

Altars:


Innate Abilities, Weirdness & Mutations

You are immune to sickness and miasma.
Your stone body is resilient. (AC +4)
You are immune to poison.
You resist negative energy. (rN+)
You are resistant to electric shocks. (rElec)
You are resistant to unholy torment.
You are immune to petrification.


Message History

The orc priest looks braver for a moment.
You hear some strange, mumbled words.
You are more confused.
You closely miss something. Something hits you but does no damage.
The orc priest invokes the aid of Beogh against you.
Beogh smites you!
* * * LOW HITPOINT WARNING * * *
Something completely misses you.
You bump into the rock wall.
The orc priest casts a cantrip, but nothing happens.
Something hits you.
* * * LOW HITPOINT WARNING * * *
You bump into the rock wall.
Something hits you.
* * * LOW HITPOINT WARNING * * *
You miss something. Something hits you but does no damage.
You closely miss something. Something hits you but does no damage.
You completely miss something. Something hits you but does no damage.
You barely miss something.
You hear some strange, mumbled words.
A magic dart appears from out of thin air!
The magic dart hits you.
* * * LOW HITPOINT WARNING * * *
Something hits you but does no damage.
You closely miss something. Something hits you but does no damage.
You feel better. Something hits you but does no damage.
Unknown command.
You sock something!
You hear some strange, mumbled words.
A magic dart appears from out of thin air!
The magic dart hits you but does no damage.
You sock something!
Reactivating autopickup.
You feel a bit more experienced.
You barely miss the orc priest.
The orc priest mumbles some strange prayers to Beogh against you.
Beogh smites you!
* * * LOW HITPOINT WARNING * * *
You closely miss the orc priest.
The orc priest hits you with a +2 heavy flail!
You die...

## .. .......># ...
........# ... ##......# ..
......... .. #......# .#
#......# .# #......# .# #@#
.# #########o#######
.#######............o..#
<........................#
.##....#......≈≈≈≈≈..=...#
.......#....≈≈≈≈≈≈≈≈≈......
##.....#..≈≈≈≈≈≈≈≈≈≈≈≈≈....
.#.......≈≈≈≈≈≈...≈≈≈≈≈≈§#.
.......#.≈≈≈≈≈≈.>.≈≈≈≈≈≈.#


You could see an orc priest.

Vanquished Creatures
  An ice beast (D:4)
  A scorpion (D:4)
  A howler monkey (D:4)
  A bombardier beetle (D:4)
  A hound (D:4)
  3 orc priests (D:4)
  2 sleepcaps (D:4)
  Terence (D:2)
  3 orc wizards (D:4)
  An adder (D:2)
  A dart slug (D:1)
  3 orcs (D:4)
  3 endoplasms (D:1)
  6 giant cockroaches
  A goblin (D:1)
  A hobgoblin (D:1)
  6 jackals
  7 ball pythons
  5 bats (D:1)
  3 kobolds
  3 rats
54 creatures vanquished.

Notes
Turn   | Place    | Note
-------+----------+-------------------------------------------
     0 | D:1      | Doomgape the Gargoyle Fighter began the quest for the Orb.
     0 | D:1      | Reached XP level 1. HP: 14/14 MP: 1/1
    16 | D:1      | Found a faded altar of an unknown god.
   117 | D:1      | Reached XP level 2. HP: 16/19 MP: 2/2
   424 | D:1      | Reached XP level 3. HP: 23/24 MP: 3/3
   899 | D:1      | Identified a scroll of acquirement
   899 | D:1      | Acquired a manual of Throwing
   994 | D:2      | Noticed Terence
  1005 | D:2      | Killed Terence
  1006 | D:2      | Reached XP level 4. HP: 8/29 MP: 4/4
  1123 | D:2      | You fall into a shaft and drop 2 floors!
  1216 | D:4      | Noticed a scorpion
  1235 | D:4      | Killed a scorpion
  1236 | D:4      | Reached XP level 5. HP: 30/34 MP: 5/5
  1297 | D:4      | Noticed an ice beast
  1312 | D:4      | Reached skill level 5 in Fighting
  1312 | D:4      | Reached XP level 6. HP: 37/40 MP: 6/6
  1324 | D:4      | Killed an ice beast
  1325 | D:4      | Reached skill level 5 in Armour
  1446 | D:4      | Reached XP level 7. HP: 18/44 MP: 7/7
  1601 | D:4      | Found a staircase to the Ecumenical Temple.
  1638 | D:4      | Slain by an orc priest

Illustrated notes

Levels and vault maps discovered:
D:1:      amcnicky_arrival_choice, layout_basic,
          hellmonk_ecumenical_altar_lost_god, glass_columns_a,
          amethyst_killhole, hangedman_feature_mirror
D:2:      layout_basic, minmay_lizard_king, uniq_terence
D:4:      minmay_chambers_of_threes, layout_basic, temple_pool_b,
          mainiacjoe_sewer_entry_somewhere_in_here_1, minmay_starry_boxes

Skill      XL: |  1  2  3  4  5  6 |
---------------+-------------------+-----
Fighting       | 4 5 |  5.7
Armour         | 4 5 |  5.7
Maces & Flails | 3 4 |  4.6
Shields        | |  3.2

Action                     |  1- 3 |  4- 6 |  7- 9 || total
---------------------------+-------+-------+-------++-------
  Melee: Flail             |   107 |   109 |    21 ||   237
    Use: Scroll            |     3 |       |       ||     3
         Potion            |       |       |     3 ||     3
 Armour: Scale mail        |   101 |    71 |     4 ||   176
         Chain mail        |       |       |    14 ||    14
  Dodge: Dodged            |    73 |    45 |     1 ||   119
  Block: Buckler           |    34 |    17 |       ||    51
